 Dungeon Crawl Stone Soup version 0.23.2-33-g5129a83184 (webtiles) character file.

Game seed: 13709630239858413710

135 FishyPogo the Ducker (level 5, 0/41 HPs)
             Began as a Merfolk Gladiator on Aug 10, 2019.
             Was a Believer of Makhleb.
             Killed by divine providence
             ... invoked by an orc priest
              (16 damage)
             ... on level 3 of the Dungeon.
             The game lasted 00:10:09 (2056 turns).

FishyPogo the Ducker (Merfolk Gladiator)            Turns: 2056, Time: 00:10:09

Health: 0/41       AC:  7    Str: 14    XL:     5   Next: 18%
Magic:  14/14      EV: 15    Int:  8    God:    Makhleb [**....]
Gold:   131        SH:  0    Dex: 16    Spells: 4/4 levels left

rFire    . . .     SeeInvis .   a - +0 rapier
rCold    . . .     Gourm    .   (no shield)
rNeg     . . .     Faith    .   b - +0 leather armour
rPois    .         Spirit   .   c - +0 helmet
rElec    .         Reflect  .   s - +2 cloak
rCorr    .         Harm     .   (no gloves)
MR       .....                  (no boots)
Stlth    +.........             (no amulet)
HPRegen  0.13/turn              p - ring of magical power
MPRegen  0.14/turn              (no ring)

@: confused
A: change form in water, swift swim, stealthy swim
a: Minor Destruction, Renounce Religion


You were on level 3 of the Dungeon.
You worshipped Makhleb.
Makhleb was pleased with you.
You were not hungry.

You visited 1 branch of the dungeon, and saw 3 of its levels.

You collected 131 gold pieces.

Inventory:

Hand Weapons
 a - a +0 rapier (weapon)
 i - a +1 spear of venom
 u - a +2 whip of draining
Missiles
 d - 3 throwing nets
 e - 4 tomahawks
 h - 94 stones (quivered)
Armour
 b - a +0 leather armour (worn)
 c - a +0 helmet (worn)
 s - a +2 cloak (worn)
 w - a +0 shield
Jewellery
 p - a ring of magical power (left hand)
Scrolls
 g - a scroll of enchant armour {unknown}
 j - 4 scrolls of remove curse {unknown}
 l - 2 scrolls of enchant weapon {unknown}
 m - a scroll of fog {unknown}
 o - a scroll of immolation {unknown}
 q - a scroll of fear {unknown}
 r - 7 scrolls of identify {unknown}
 v - a scroll of random uselessness {unknown}
Potions
 k - a potion of agility
Comestibles
 f - 4 rations
 t - a chunk of flesh


   Skills:
 + Level 3.0 Fighting
 * Level 4.8 Short Blades
 + Level 2.6 Throwing
 * Level 5.4 Dodging
 + Level 0.5 Shields


You had 4 spell levels left.
You didn't know any spells.
Your spell library was empty.

Dungeon Overview and Level Annotations

Branches:
Dungeon (3/15)

Altars:
Fedhas
Makhleb
Qazlal


Message History

The orc priest is severely wounded.
The orc priest calls down the wrath of Beogh upon you.
Beogh smites you!
* * * LOW HITPOINT WARNING * * *
You hit the orc priest but do no damage.
The orc priest is severely wounded.
The orc priest closely misses you.
You hit the orc priest but do no damage.
The orc priest is severely wounded.
The orc priest hits you but does no damage.
It was a potion of ambrosia.
You are confused.
You feel invigorated. The orc priest closely misses you.
You bump into the rock wall.
The orc priest hits you with a +0 short sword.
* * * LOW HITPOINT WARNING * * *
You bump into the rock wall.
The orc priest invokes the aid of Beogh against you.
Beogh smites you!
You die...

##.....## #.# #.##.###. ..)...##
#.# ##....[... ####.## #.#
#.....#### #.# #.# #...#.# #.#
###.####### #.....# #+##
#.........# #.#...# ##...##
#.#<..###.# #.##..# ##.....##
#.###.# #.# #.##..# #...>...##
#.#.#@# #.# #.##..##
.........###...[o###.###......###
.........+.......................
.........###.........######...###
........# ###..###### ###..##
.#.....## ##.# #...<.# .##.<.##
#.# #.#.#.# .###'##########.#
#.#...# ## #.##.......#.# #.##..#


You could see an orc priest.

Vanquished Creatures
  An orc wizard (D:3)
  3 adders (D:2)
  2 oozes
  A worm (D:2)
  A dart slug (D:2)
  3 leopard geckos
  7 orcs
  A giant cockroach (D:1)
  7 goblins
  5 hobgoblins
  5 jackals
  2 ball pythons (D:2)
  5 bats
  3 frilled lizards
  4 kobolds
  4 rats
54 creatures vanquished.

Vanquished Creatures (others)
  4 toadstools (D:1)
4 creatures vanquished.

Grand Total: 58 creatures vanquished

Notes
Turn   | Place    | Note
-------+----------+-------------------------------------------
     0 | D:1      | FishyPogo the Merfolk Gladiator began the quest for the
                  | Orb.
     0 | D:1      | Reached XP level 1. HP: 16/16 MP: 1/1
   129 | D:1      | Reached XP level 2. HP: 22/23 MP: 2/2
   303 | D:1      | Reached XP level 3. HP: 25/28 MP: 3/3
   483 | D:2      | Found a faded altar of an unknown god.
   488 | D:2      | Became a worshipper of Makhleb the Destroyer
   488 | D:2      | Reached * piety under Makhleb
   861 | D:2      | Reached XP level 4. HP: 34/34 MP: 4/4
   890 | D:2      | Found a blossoming altar of Fedhas.
  1019 | D:2      | Reached skill level 5 in Dodging
  1463 | D:3      | Found a stormy altar of Qazlal.
  1465 | D:3      | Noticed an air elemental
  1465 | D:3      | Noticed a fire elemental
  1466 | D:3      | Noticed an earth elemental
  1466 | D:3      | Noticed a water elemental
  1779 | D:3      | Reached ** piety under Makhleb
  1832 | D:3      | Reached XP level 5. HP: 17/41 MP: 5/5
  2056 | D:3      | Killed from afar by an orc priest

Skill      XL: |  1  2  3  4 |
---------------+-------------+-----
Short Blades   | 4 |  4.8
Dodging        | 5 |  5.4
Fighting       | 3 |  3.0
Throwing       | |  2.6
Shields        | |  0.5

Action                   |  1- 3 |  4- 6 || total
-------------------------+-------+-------++-------
Melee: Rapier            |    86 |    66 ||   152
Throw: Stone             |    56 |    20 ||    76
Invok: Minor Destruction |       |     1 ||     1
  Use: Potion            |       |     2 ||     2
 Stab: Distracted        |     1 |       ||     1
  Eat: Chunk             |       |     4 ||     4
Armor: Leather armour    |    21 |    12 ||    33
Dodge: Dodged            |    43 |    51 ||    94
